 Dungeon Crawl Stone Soup version 0.18-a0-717-g59c076b (webtiles) character file.

813233 AnCiEnTIStOnEIBeAsT the Axe Maniac (level 27, -23/185 HPs)
             Began as a Gargoyle Fighter on Dec 8, 2015.
             Was the Champion of Makhleb.
             Killed from afar by a pearl dragon (40 damage)
             ... with a blast of cleansing flame
             ... on level 24 of a ziggurat.
             The game lasted 04:27:59 (66686 turns).

AnCiEnTIStOnEIBeAsT the Axe Maniac (GrFi)          Turns: 66686, Time: 04:27:59

Health: -23/185    AC: 54    Str: 34    XL:     27
Magic:  51/51      EV: 34    Int: 16    God:    Makhleb [******]
Gold:   5967       SH:  0    Dex: 20    Spells: 7 memorised, 7 levels left

rFire  + + .     SeeInvis +     X - +9 executioner's axe (holy) {Rupert :P}
rCold  + + +     Clarity  +     y - quicksilver dragon armour of Vexation {MR+ rCorr}
rNeg   + + +     SustAt   .     (shield currently unavailable)
rPois  ∞         Gourm    .     U - +0 hat {Int+3}
rElec  +         Spirit   .     E - +2 cloak {MR+}
rCorr  +         Dismiss  .     n - +1 pair of gloves of Limited Liability {rElec Regen+ Dex+2 Stlth+}
rMut   .         Stasis   .     d - +2 pair of boots of the Assassin {DetectMon Stab+ Stlth++}
MR     ++++.                    P - amulet of Roygiq {Clar rC+ MP+9 Int+8 Stlth-}
Stlth  +.........               K - ring of Azetits {rC+ rN+++ Slay+5 Stlth-}
                                I - ring "Naiffu Diyh" {rElec rF+ MP+9 SInv}

@: mighty, agile, silence, very slightly contaminated, regenerating (expiring),
hasted, glowing, very quick, incredibly resistant to hostile enchantments, very
unstealthy
A: antennae 1, big wings, iridescent scales 1, rugged brown scales 1, thin
skeletal structure 1, berserk 1, blink, clumsy 1, cold resistance 1, deformed
body, dopey 2, fire resistance 1, frail 1, low mp 1, negative energy resistance
1, sense surroundings 1, screaming 1, shaggy fur 1, electricity resistance,
unbreathing, petrification resistance, rot immunity, AC +20
a: Fly, Blink, Renounce Religion
}: 4/15 runes: barnacled, slimy, silver, gossamer


You were on level 24 of a ziggurat.
You worshipped Makhleb.
Makhleb was exalted by your worship.
You were very full.

You visited 12 branches of the dungeon, and saw 63 of its levels.
You visited 1 ziggurat, and saw 24 of its levels.
You also visited: Labyrinth and Wizlab.

You collected 12584 gold pieces.
You spent 6617 gold pieces at shops.

Inventory:

Hand Weapons
 g - a +9 blowgun
 X - a +9 executioner's axe of holy wrath (weapon) {Rupert :P}
Missiles
 a - 14 curare-tipped needles
 w - 14 throwing nets (quivered)
 C - 4 needles of paralysis
 G - 4 needles of sleeping
 R - 12 needles of confusion
Armour
 d - the +2 pair of boots of the Assassin (worn) {DetectMon Stab+ Stlth++}
   (Okawaru gifted it to you in a labyrinth)

   It makes you much more stealthy.
 n - the +1 pair of gloves of Limited Liability (worn) {rElec Regen+ Dex+2 Stlth+}
   (You bought it in a shop on level 1 of the Vaults)

   It affects your dexterity (+2).
   It insulates you from electricity.
   It increases your rate of regeneration.
   It makes you more stealthy.
 y - the quicksilver dragon armour of Vexation (worn) {MR+ rCorr}
   (Okawaru gifted it to you on level 5 of the Vaults)

   It affects your resistance to hostile enchantments.
   It protects you from acid and corrosion.
 E - a +2 cloak of magic resistance (worn)
 L - a +9 gold dragon armour
 U - a +0 hat of intelligence (worn)
Jewellery
 e - the ring of the Mage {Wiz MR++ Int+3}
   (You found it on level 17 of a ziggurat)

   [ring of wizardry]

   It improves your spell success rate.
   It affects your intelligence (+3).
   It affects your resistance to hostile enchantments.
 h - the ring "Soeren" {+Fly rPois rF++}
   (You found it on level 15 of a ziggurat)

   [ring of flight]

   It greatly protects you from fire.
   It protects you from poison.
   It lets you fly.
 x - the amulet of Vitality {Regen+ HP+15}
   (You found it on level 3 of the Elven Halls)

   [amulet of regeneration]

   It affects your health (+15).
   It increases your rate of regeneration.
 H - the ring of the Lost Stars {rPois rC+ rN+ Str+3}
   (You found it on level 6 of the Pits of Slime)

   [ring of poison resistance]

   It affects your strength (+3).
   It protects you from cold.
   It protects you from poison.
   It protects you from negative energy.
 I - the ring "Naiffu Diyh" (left hand) {rElec rF+ MP+9 SInv}
   (You found it on level 3 of the Elven Halls)

   [ring of see invisible]

   It protects you from fire.
   It insulates you from electricity.
   It affects your magic capacity (+9).
   It lets you see invisible.
 K - the ring of Azetits (right hand) {rC+ rN+++ Slay+5 Stlth-}
   (You found it on level 15 of a ziggurat)

   [ring of protection from cold]

   It affects your accuracy and damage with ranged weapons and melee attacks
   (+5).
   It protects you from cold.
   It renders you almost immune to negative energy.
   It makes you less stealthy.
 P - the amulet of Roygiq (around neck) {Clar rC+ MP+9 Int+8 Stlth-}
   (You bought it in a shop on level 5 of the Vaults)

   [amulet of clarity]

   It provides mental clarity.
   It affects your intelligence (+8).
   It protects you from cold.
   It affects your magic capacity (+9).
   It makes you less stealthy.
 S - an uncursed ring of sustain attributes
Wands
 D - a wand of digging (2)
 F - a wand of hasting (3)
 V - a wand of hasting (5)
Scrolls
 b - 27 scrolls of remove curse
 c - 15 scrolls of recharging
 i - 25 scrolls of fog
 q - 16 scrolls of magic mapping
 u - 24 scrolls of teleportation
 A - 3 scrolls of silence
 B - 21 scrolls of identify
 Q - 8 scrolls of immolation
 T - 6 scrolls of holy word
 Z - 13 scrolls of blinking
Potions
 f - 5 potions of brilliance
 k - 4 potions of invisibility
 l - 3 potions of resistance
 o - 5 potions of mutation
 p - 5 potions of berserk rage
 r - 7 potions of agility
 s - a potion of cancellation
 z - 3 potions of beneficial mutation
 J - 25 potions of curing
 M - 10 potions of cure mutation
 N - 4 potions of haste
 O - 17 potions of heal wounds
 W - 5 potions of might
Comestibles
 j - 14 royal jellies
 v - 28 meat rations


   Skills:
 O Level 27 Fighting
 O Level 27 Axes
 O Level 27 Armour
 + Level 19.7 Dodging
   Level 3.2 Shields
 - Level 9.8 Spellcasting
 - Level 17.0 Charms
 - Level 10.7 Necromancy
 - Level 5.4 Air Magic


You had 7 spell levels left.
You knew the following spells:

 Your Spells              Type           Power        Failure   Level  Hunger
a - Song of Slaying       Chrm           ######..     0%          2    None
b - Regeneration          Chrm/Necr      ######....   1%          3    None
c - Dragon's Call         Summ           #.........   100%        9    #######
d - Stoneskin             Trmt/Erth      #.......     21%         2    None
e - Deflect Missiles      Chrm/Air       #####.....   17%         6    ######.
f - Controlled Blink      Tloc           N/A          100%        8    #######
g - Death's Door          Chrm/Necr      ######....   99%         8    #######


Dungeon Overview and Level Annotations

Branches:
Dungeon (15/15)            Temple (1/1) D:4            Lair (8/8) D:10
 Shoals (4/4) Lair:5       Spider (4/4) Lair:6        Slime (6/6) Lair:8
    Orc (4/4) D:9             Elf (3/3) Orc:3        Vaults (5/5) D:14
  Crypt (3/3) Vaults:2       Tomb (0/3) Crypt:3      Depths (5/5) D:15
    Zot (5/5) Depths:5

Altars:
Ashenzari
Cheibriados
Dithmenos
Elyvilon
Fedhas
Gozag
Kikubaaqudgha
Makhleb
Nemelex Xobeh
Okawaru
Pakellas
Qazlal
Ru
Sif Muna
Trog
Vehumet
Xom
Yredelemnul
Zin
The Shining One
Beogh

Shops:
D:4 ?   D:8 ?   Orc:1 %   Orc:4 :%=[[   Elf:1 ((%   Elf:2 =   Elf:3 (
Shoals:1 (?%   Vaults:1 [=!*}   Vaults:5 %???}[=(

Portals:
Hell: Depths:1 Depths:2 Depths:3 Depths:4 Depths:5
Abyss: Depths:1 Depths:4 Depths:5
Pandemonium: Depths:2 Depths:3 Depths:4

Annotations:
Lair:5 exclusion: oklob plant
Depths:2 1 exclusion
Depths:3 exclusion: upstairs


Innate Abilities, Weirdness & Mutations

You are resistant to torment.
Your stone body is resilient (AC +20).
You are immune to poison.
Your large and strong wings let you fly indefinitely.
You resist negative energy.
You are resistant to electric shocks.
You can survive without breathing.
You are immune to petrification.
You are immune to rotting.
You have a pair of small antennae on your head.
You are partially covered in iridescent scales (AC +4).
You are partially covered in rugged brown scales (AC +1, +3% HP).
You have a somewhat thin skeletal structure (Dex +2, Stealth).
You tend to lose your temper in combat.
You can translocate small distances at will.
You are clumsy. (Dex -2)
Your flesh is cold resistant.
Armour fits poorly on your strangely shaped body.
You are very dopey. (Int -4)
Your flesh is heat resistant.
You are frail (-10% HP).
Your magical capacity is low (-10% MP).
You passively map a small area around you.
You occasionally shout uncontrollably at your foes.
You are covered in fur (AC +1).


Message History

You slice the angel!!
The angel is severely wounded.
You cut the apis into ribbons!!!
The apis is almost dead.
You are engulfed in blessed fire.
* * * LOW HITPOINT WARNING * * *
The angel hits you but does no damage.
The angel hits you with a whip of holy wrath.
* * * LOW HITPOINT WARNING * * *
The angel hits you but does no damage. x2
The pearl dragon misses you. The pearl dragon completely misses you.
The daeva calls down the wrath of the Shining One upon you.
Something smites you!
* * * LOW HITPOINT WARNING * * *
The daeva calls down the wrath of the Shining One upon you.
Something smites you!
* * * LOW HITPOINT WARNING * * *
The pearl dragon breathes holy energy at you.
The blast of cleansing flame engulfs you!
You die...

, ......*
#...........###.
......##.............##.
........................
....A...................
,
,....AYA.................
..AAAADDGA..............
..AAAADDAA..............
,
..AA§GD@AA..............
..AADAAYAA..............
...ADYDYA...............
* ,,
....{AYA................
*,
....{..D................
*, ,
........................
,
......##.............##.
...... ##...........###.
, #...........# ,


You could see 5 apis, 8 daevas, 7 pearl dragons, 7 angels, 2 ophanim and 6
cherubim.

Vanquished Creatures
  the Royal Jelly (Slime:6)
  A curse toe (Zot:5)
  4 orbs of fire (Zig:18)
  6 ancient liches
  Mara (Depths:4)
  The ghost of Herrn the Axe Maniac, a legendary FoFi of Cheibriados (Zig:17)
  2 juggernauts
  14 pandemonium lords
  Boris (Vaults:4)
  2 iron giants (Depths:4)
  Saint Roka (Depths:5)
  4 Killer Klowns (Zig:23)
  3 caustic shrikes
  10 golden dragons
  Nikola (Shoals:1)
  A profane servitor (Zig:7)
  Xtahua (Depths:4)
  A bone dragon (Crypt:3)
  3 pearl dragons
  9 liches
  Arachne (Spider:4)
  5 electric golems
  A Brimstone Fiend (Zig:15)
  Jorgrun (Spider:3)
  27 tentacled monstrosities
  Rupert (Lair:6)
  A hellephant (Zig:16)
  An Ice Fiend (Zig:16)
  A Hell Sentinel (Zig:16)
  13 deep elf blademasters
  2 quicksilver dragons
  10 deep elf master archers
  Asterion (Depths:3)
  2 Shadow Fiends
  An azure jelly (shapeshifter) (Zig:23)
  30 titans
  Polyphemus (Shoals:4)
  18 acid blobs
  6 death cobs
  6 sphinxes
  5 ancient champions
  14 tengu reavers
  3 Executioners (Zig:16)
  Frances (Elf:1)
  A sphinx (shapeshifter) (Zig:23)
  A tentacled starspawn (Zig:9)
  9 shadow dragons
  2 eldritch tentacles
  34 fire giants
  23 storm dragons
  7 thorn hunters
  15 greater nagas
  2 revenants
  5 draconian monks
  Ilsuiw (Shoals:4)
  23 azure jellies
  18 daevas
  Maud (Lair:4)
  8 deep elf sorcerers
  A frost giant (shapeshifter) (Zig:23)
  25 frost giants
  A black sun (Zig:16)
  6 iron dragons
  25 vault wardens
  9 draconian scorchers
  7 emperor scorpions
  2 caustic shrike zombies
  An orc warlord (Vaults:4)
  9 draconian knights
  8 draconian zealots
  14 ghost moths
  15 angels
  2 balrugs
  A curse skull (Crypt:2)
  10 ghouls
  10 draconian shifters
  A juggernaut zombie (Zig:15)
  Aizul (Spider:4)
  14 ironheart preservers
  7 war gargoyles
  A cacodemon (Zig:16)
  4 reapers
  7 draconian annihilators
  A juggernaut skeleton (Zig:15)
  36 stone giants
  A stone giant (shapeshifter) (Zig:23)
  13 very ugly things
  3 warmongers (Zig:16)
  13 green draconians
  4 lorocyprocas
  6 draconian callers
  4 deep elf demonologists
  9 white draconians
  6 salamander stormcallers
  11 vampire knights
  15 black draconians
  2 apis (Zig:24)
  10 red draconians
  6 yellow draconians
  4 chaos champions
  13 deep elf annihilators
  19 mottled draconians
  16 purple draconians
  10 spark wasps
  A red draconian (shapeshifter) (Zig:23)
  The ghost of AnCiEnTIStOnEIBeAsT the Severer, a journeyman MiFi of Okawaru (Orc:4)
  7 green deaths
  12 merfolk javelineers
  A minotaur (Lab)
  51 vault guards
  7 deep elf death magi
  Snorg (Orc:2)
  3 crystal guardians (Crypt:3)
  10 ettins
  A quicksilver dragon zombie (Crypt:3)
  3 mummy priests (WizLab)
  12 death oozes
  6 eidola
  15 merfolk impalers
  3 deep elf high priests
  2 jiangshi
  22 fire dragons
  2 rakshasas
  17 great orbs of eyes
  11 ogre magi
  16 yaktaur captains
  19 hydras
  A quicksilver dragon skeleton (Crypt:3)
  4 naga warriors
  An entropy weaver (shapeshifter) (Zig:23)
  6 spriggan air magi
  6 ghost crabs
  A hell beast (Zig:23)
  Erica (Orc:1)
  7 merfolk avatars
  7 entropy weavers
  20 ice dragons
  6 catoblepae
  The ghost of Arkorax the Fighter, a journeyman TeAK of Lugonu (Lair:1)
  6 alligator snapping turtles
  3 death knights
  13 centaur warriors
  6 merfolk aquamancers
  13 deep troll shamans
  4 anacondas
  25 death yaks
  8 orc high priests
  4 tengu warriors
  9 naga sharpshooters
  2 titan zombies
  4 deep troll earth magi
  6 alligators
  21 dancing weapons
  10 shock serpents
  4 vampire magi
  Urug (D:11)
  29 deep elf knights
  3 storm dragon zombies
  10 satyrs
  2 wretched stars (Zig:9)
  4 spriggan berserkers
  A hell hog (Depths:4)
  2 sun demons
  5 iron trolls
  26 skeletal warriors
  Sonja (Orc:4)
  18 sea snakes
  4 soul eaters
  4 shadow wraiths
  2 salamander mystics (Vaults:3)
  A spectral yaktaur (Depths:1)
  A deep troll (shapeshifter) (Depths:1)
  21 hell knights
  A storm dragon skeleton (Zig:15)
  3 unseen horrors
  13 ironbrand convokers
  5 large abominations
  A fire crab (Lair:8)
  4 flayed ghosts
  A cherub (Zig:5)
  2 swamp dragons
  2 naga ritualists (Zig:12)
  13 hill giants
  4 wizards
  A shadow demon (Zig:16)
  2 giant orange brains
  2 spriggan druids
  3 shambling mangroves
  17 orc knights
  7 phantasmal warriors
  An orange crystal statue (Zig:16)
  9 deep elf summoners
  22 harpies
  2 shadow dragon zombies
  14 deep trolls
  A harpy (shapeshifter) (Zig:23)
  5 golden dragon skeletons
  2 sphinx zombies (Zig:15)
  A lindwurm (Lair:7)
  6 tengu zombies
  Pikel (D:7)
  3 oklob plants
  12 water nymphs
  21 deep elf conjurers
  8 orc sorcerers
  20 orb spiders
  18 necromancers
  12 manticores
  39 wolf spiders
  71 ugly things
  5 frost giant zombies
  14 hornets
  2 shining eyes
  A sphinx skeleton (Zig:15)
  A mana viper (Zig:13)
  17 griffons
  An anubis guard (shapeshifter) (Elf:2)
  A shadow dragon skeleton (Depths:2)
  A faun (shapeshifter) (Vaults:5)
  An octopode (shapeshifter) (Elf:1)
  17 black mambas
  7 guardian serpents
  4 elephants (Lair:7)
  2 stone giant skeletons
  2 iron dragon skeletons
  A shock serpent zombie (Crypt:1)
  2 human zombies (WizLab)
  42 fauns
  11 salamanders
  A rust devil (Depths:4)
  22 moths of wrath
  7 cyclopes
  5 fire giant skeletons
  Joseph (Lair:1)
  12 sirens
  Psyche (D:11)
  4 apocalypse crabs
  A guardian serpent (shapeshifter) (Zig:23)
  4 sixfirhies
  3 hellions (Zig:15)
  13 spiny frogs
  An elephant (shapeshifter) (Vaults:5)
  3 torpor snails
  15 vault sentinels
  2 shock serpent skeletons (Crypt:1)
  9 naga magi
  2 orange demons
  5 eyes of devastation
  4 smoke demons
  10 gargoyles
  4 yaktaur zombies
  40 yaktaurs
  4 fire drakes
  An eye of devastation (shapeshifter) (Zig:23)
  3 kobold demonologists
  5 tormentors (Zig:16)
  A troll (shapeshifter) (Depths:4)
  2 ancient zymes
  7 komodo dragons
  19 deep elf priests
  5 efreet (Zig:18)
  7 freezing wraiths
  7 demonic crawlers
  2 ice devils
  3 tengu conjurers
  4 guardian mummies (WizLab)
  2 elf skeletons
  2 burning bushes (Zot:1)
  2 fire drakes (shapeshifter)
  3 hellwings
  4 red devils
  2 queen bees (shapeshifter)
  9 trolls
  27 jumping spiders
  52 merfolk
  A queen bee (Lair:5)
  2 blink frogs (shapeshifter)
  7 giant leeches
  A sphinx simulacrum (Vaults:4)
  3 wind drakes
  A griffon zombie (Crypt:2)
  A wind drake (shapeshifter) (Depths:4)
  9 blink frogs
  A boulder beetle (shapeshifter) (Depths:5)
  2 fire dragon zombies
  22 two-headed ogres
  A harpy skeleton (Crypt:1)
  3 ice dragon zombies
  7 bog bodies
  A hornet zombie (D:15)
  73 slime creatures
  2 ettin zombies
  2 spriggan zombies
  5 raiju
  4 boulder beetles
  2 frost giant simulacra
  2 human simulacra
  18 snapping turtles
  A tarantella (shapeshifter) (Vaults:3)
  2 ettin skeletons
  6 spriggans
  42 flying skulls
  23 tarantellas
  2 fire dragon skeletons
  4 air elementals
  26 deep elf fighters
  An ice dragon skeleton (Depths:1)
  17 trapdoor spiders
  21 deep elf magi
  2 vampires
  A griffon skeleton (Crypt:2)
  7 wraiths
  62 yaks
  70 redbacks
  A yak (shapeshifter) (Depths:1)
  A fire bat (shapeshifter) (Depths:5)
  A steam dragon (D:11)
  3 ynoxinuls
  7 fire elementals (Zig:18)
  21 water elementals
  A black mamba skeleton (Crypt:1)
  A basilisk (Lair:2)
  13 golden eyes
  27 wargs
  4 wyverns
  2 deep troll zombies
  A hungry ghost (D:15)
  4 shadows
  12 hippogriffs
  A mottled dragon (Vaults:2)
  3 nagas
  5 chaos spawn
  16 vampire mosquitoes
  3 wolves (Lair:4)
  A yaktaur simulacrum (Vaults:4)
  3 insubstantial wisps
  A neqoxec (Zig:3)
  11 water moccasins
  A tengu skeleton (Depths:1)
  2 slaves (D:7)
  4 hell hounds
  3 swamp drakes (Zig:22)
  A black bear (D:12)
  9 porcupines
  2 ice beasts
  2 black bears (shapeshifter)
  12 starcursed masses (Zig:9)
  32 orc warriors
  A phantom (D:12)
  2 sky beasts
  7 necrophages
  11 wasps
  12 eyes of draining
  A manticore skeleton (Crypt:2)
  4 boggarts (Vaults:1)
  5 human skeletons
  A crocodile (shapeshifter) (Vaults:2)
  An orc skeleton (Vaults:1)
  54 ogres
  A blink frog skeleton (Crypt:2)
  A snapping turtle skeleton (Crypt:1)
  15 crocodiles
  46 centaurs
  Blork the orc (D:4)
  A dryad zombie (Crypt:2)
  6 big kobolds
  20 giant frogs
  4 gnoll sergeants (D:9)
  An earth elemental (Lab)
  A wyvern skeleton (D:15)
  A dryad skeleton (Crypt:1)
  26 killer bees (Lair:5)
  9 scorpions
  A troll skeleton (Lab)
  5 electric eels
  2 vampire bats (Lair:6)
  9 wights
  19 crimson imps
  2 centaur zombies
  5 hounds
  A wasp zombie (D:12)
  2 giant frog skeletons
  2 iron imps (Depths:2)
  41 jellies
  37 orc priests
  9 hell rats (Lair:2)
  12 iguanas
  28 orc wizards
  2 small abominations
  Natasha (thrice) (D:7)
  3 centaur skeletons
  A demonspawn skeleton (Crypt:1)
  5 lightning spires (Zot:1)
  17 worker ants
  A big kobold zombie (Crypt:1)
  2 killer bee zombies
  A hound zombie (D:6)
  A felid skeleton (Crypt:2)
  2 worker ant zombies
  5 adders
  2 gnolls
  83 river rats
  3 shadow imps
  2 white imps
  An ufetubus (Depths:2)
  5 oozes
  3 worms
  2 adder skeletons
  204 orcs
  36 bats
  3 giant cockroaches
  5 goblins
  5 hobgoblins
  16 jackals
  16 kobolds
  4 quokkas
  29 sheep
  2 ball pythons
  7 giant geckos
  A giant gecko skeleton (D:8)
  A giant gecko zombie (D:9)
  3 giant newts
  A giant newt zombie (Crypt:2)
  2 quokka skeletons
  25 rats
  6 briar patches (Zig:22)
  A crawling corpse (Elf:2)
  3 fire vortices (Zig:18)
  13 fungi
  17 plants
  A spectral weapon (Depths:3)
3752 creatures vanquished.

Vanquished Creatures (others)
  Norris (Spider:4)
  A quicksilver dragon (Vaults:5)
  A sphinx (shapeshifter) (Zig:23)
  A tengu reaver (Vaults:5)
  A shadow dragon (Vaults:5)
  A frost giant (Vaults:5)
  3 fire giants
  A draconian knight (Zot:1)
  A balrug (Zig:15)
  A draconian scorcher (Zot:1)
  A reaper (Zig:15)
  A stone giant (shapeshifter) (Zig:23)
  A merfolk javelineer (Zig:20)
  A deep elf death mage (Vaults:5)
  3 hydras
  A naga warrior (Zig:12)
  A shock serpent (Zig:13)
  A spriggan druid (Zig:22)
  A deep troll (Vaults:5)
  A naga ritualist (Zig:13)
  3 swamp dragons
  A wolf spider (Spider:4)
  A hornet (Zig:22)
  3 spiny frogs (Zig:19)
  An elf zombie (Zig:15)
  2 fire drakes (Zig:18)
  A freezing wraith (Vaults:5)
  A two-headed ogre (Depths:3)
  2 giant leeches
  A tarantella (Spider:2)
  A water elemental (Depths:1)
  A deep elf mage (Elf:1)
  A deep elf fighter (Elf:3)
  A spriggan (Zig:19)
  3 insubstantial wisps
  3 nagas (Zig:12)
  An ogre (Depths:2)
  A boggart (Vaults:1)
  7 wasps
  5 swamp drakes (Zig:19)
  An orc priest (Orc:4)
  A lightning spire (Zig:4)
  2 orcs
  14 briar patches (Zig:22)
  49 eldritch tentacle segments
  A fire vortex (Zig:18)
  A fulminant prism (Zig:23)
  27 fungi
  11 lost souls
  35 plants
206 creatures vanquished.

Grand Total: 3958 creatures vanquished

Notes
Turn   | Place    | Note
--------------------------------------------------------------
     0 | D:1      | AnCiEnTIStOnEIBeAsT the Gargoyle Fighter began the quest for the Orb.
     0 | D:1      | Reached XP level 1. HP: 14/14 MP: 1/1
   112 | D:1      | Reached XP level 2. HP: 17/19 MP: 2/2
   452 | D:1      | Found a shattered altar of Ashenzari.
   710 | D:2      | Reached XP level 3. HP: 19/23 MP: 3/3
   830 | D:2      | Found a glowing silver altar of Zin.
  1203 | D:2      | Found a blossoming altar of Fedhas.
  1385 | D:3      | Reached XP level 4. HP: 25/28 MP: 4/4
  1538 | D:3      | Reached skill level 4 in Axes
  1891 | D:4      | Reached XP level 5. HP: 25/32 MP: 5/5
  1978 | D:4      | Reached skill level 5 in Axes
  2017 | D:4      | Reached XP level 6. HP: 11/37 MP: 6/6
  2264 | D:4      | Noticed Blork the orc
  2273 | D:4      | Killed Blork the orc
  2273 | D:4      | Reached skill level 6 in Axes
  2347 | D:4      | Found an oddly glowing altar of Pakellas.
  2423 | D:4      | Found a staircase to the Ecumenical Temple.
  2441 | D:4      | Found Luatarir's Magic Scroll Shop.
  2464 | Temple   | Entered the Ecumenical Temple
  2540 | Temple   | Became a worshipper of Warmaster Okawaru
  2658 | D:5      | Entered Level 5 of the Dungeon
  2683 | D:5      | Reached XP level 7. HP: 26/41 MP: 7/7
  2884 | D:4      | Found a white marble altar of Elyvilon.
  3074 | D:5      | Reached skill level 7 in Axes
  3546 | D:5      | Reached * piety under Okawaru
  3546 | D:5      | Reached skill level 8 in Axes
  3613 | D:5      | Found a shimmering altar of Xom.
  3746 | D:6      | Reached XP level 8. HP: 41/46 MP: 8/8
  4484 | D:7      | Reached skill level 9 in Axes
  4491 | D:7      | Noticed Natasha
  4522 | D:7      | Noticed Pikel
  4540 | D:7      | Killed Pikel
  4540 | D:7      | Reached ** piety under Okawaru
  4540 | D:7      | Reached skill level 10 in Axes
  4566 | D:7      | Killed Natasha
  4666 | D:7      | Reached XP level 9. HP: 45/51 MP: 9/9
  4670 | D:7      | Gained mutation: Your body sometimes deteriorates upon taking damage. [mutagenic meat]
  4671 | D:7      | Lost mutation: Your body sometimes deteriorates upon taking damage. [mutagenic meat]
  4672 | D:7      | Gained mutation: Your spells are a little easier to cast, but a little less powerful. [mutagenic meat]
  4673 | D:7      | Gained mutation: You expend magic power (3 MP) to strengthen your wands. [mutagenic meat]
  4674 | D:7      | Lost mutation: Your spells are a little easier to cast, but a little less powerful. [mutagenic meat]
  4675 | D:7      | Gained mutation: You have a somewhat thin skeletal structure (Dex +2, Stealth). [mutagenic meat]
  4735 | D:7      | Noticed Natasha
  4740 | D:7      | Killed Natasha
  4762 | D:7      | Noticed Natasha
  4768 | D:7      | Killed Natasha
  4987 | D:8      | Noticed a gargoyle
  5010 | D:7      | Killed a gargoyle
  5010 | D:7      | Reached skill level 11 in Axes
  5243 | D:8      | Found Womaqam's Magic Scroll Emporium.
  5288 | D:8      | Bought a scroll of magic mapping for 42 gold pieces
  5306 | D:8      | Reached skill level 12 in Axes
  5394 | D:8      | Reached *** piety under Okawaru
  5654 | D:9      | Found a radiant altar of Vehumet.
  5705 | D:9      | Reached XP level 10. HP: 49/56 MP: 10/10
  5936 | D:9      | Found a staircase to the Orcish Mines.
  6061 | D:9      | Reached skill level 13 in Axes
  6126 | D:9      | Reached **** piety under Okawaru
  6527 | D:9      | Found a radiant altar of Vehumet.
  6870 | Orc:1    | Entered Level 1 of the Orcish Mines
  6990 | Orc:1    | Noticed Erica
  7042 | Orc:1    | Killed Erica
  7068 | Orc:1    | Reached skill level 14 in Axes
  7220 | Orc:1    | Found Kibb's Food Shoppe.
  7479 | Orc:2    | Reached XP level 11. HP: 44/61 MP: 11/11
  7571 | Orc:2    | Noticed Snorg
  7599 | Orc:2    | Killed Snorg
  7723 | Orc:2    | Noticed an orc knight
  7747 | Orc:1    | Reached ***** piety under Okawaru
  7981 | Orc:1    | Killed an orc knight
  8487 | Orc:3    | Found a staircase to the Elven Halls.
  8782 | Orc:4    | Entered Level 4 of the Orcish Mines
  8782 | Orc:4    | Noticed AnCiEnTIStOnEIBeAsT's ghost (journeyman MiFi)
  8811 | Orc:4    | Killed AnCiEnTIStOnEIBeAsT's ghost
  8811 | Orc:4    | Received a gift from Okawaru
  8811 | Orc:4    | Reached skill level 15 in Axes
  8820 | Orc:4    | Found Afeg's Book Emporium.
  9111 | Orc:4    | Found a labyrinth entrance.
  9120 | Lab      | Entered a labyrinth
  9350 | Lab      | Noticed a minotaur
  9372 | Lab      | Killed a minotaur
  9372 | Lab      | Received a gift from Okawaru
  9397 | Lab      | Got a transparent jade amulet
  9397 | Lab      | Identified the Disquisition on Cankerous Combat Magic
  9399 | Lab      | Identified the amulet of Oholad {Inacc Str-2 Int+6 Stlth+} (You found it in a labyrinth)
  9626 | Orc:4    | Learned a level 2 spell: Song of Slaying
  9630 | Orc:4    | Learned a level 3 spell: Regeneration
  9753 | Orc:4    | Found a bloodstained altar of Trog.
  9811 | Orc:4    | Noticed Sonja
  9834 | Orc:4    | Killed Sonja
  9997 | Orc:4    | Noticed an orc high priest
 10396 | Orc:4    | Found Rishyinkyano's Antique Armour Shop.
 10396 | Orc:4    | Found Egoteb's Armour Emporium.
 10401 | Orc:4    | Bought a fine cloak for 332 gold pieces
 10411 | Orc:4    | Identified the +1 cloak "Maecw" {+Blink rC+} (You bought it in a shop on level 4 of the Orcish Mines)
 10478 | Orc:4    | Bought a +3 plate armour of fire resistance for 585 gold pieces
 10758 | Orc:4    | Noticed an orc high priest
 10770 | Orc:4    | Noticed a soul eater
 10779 | Orc:4    | Noticed an orc high priest
 10781 | Orc:4    | Killed an orc high priest
 10781 | Orc:4    | Reached skill level 16 in Axes
 11215 | Orc:4    | Killed an orc high priest
 11215 | Orc:4    | Reached XP level 12. HP: 45/67 MP: 10/12
 11327 | Orc:4    | Noticed an orc high priest
 11770 | Orc:4    | Killed an orc high priest
 11810 | Orc:4    | Found Qemuclit's Food Emporium.
 11810 | Orc:4    | Found Haocram's Jewellery Shop.
 11840 | Orc:4    | Noticed an orc high priest
 12215 | Orc:4    | Bought a cursed ring of see invisible for 132 gold pieces
 12265 | Orc:4    | Killed an orc high priest
 12380 | Orc:4    | Noticed an orc high priest
 12690 | Orc:4    | Killed an orc high priest
 12900 | D:10     | Entered Level 10 of the Dungeon
 12943 | D:10     | Reached skill level 5 in Armour
 12997 | D:10     | Found a staircase to the Lair.
 13023 | Lair:1   | Entered Level 1 of the Lair of Beasts
 13023 | Lair:1   | Noticed a four-headed hydra
 13192 | Orc:4    | Killed an orc high priest
 13192 | Orc:4    | Reached skill level 5 in Fighting
 13192 | Orc:4    | Reached skill level 17 in Axes
 13239 | Orc:4    | Found a roughly hewn altar of Beogh.
 13244 | Orc:4    | Noticed an orc high priest
 13257 | Orc:4    | Killed an orc high priest
 13566 | Lair:1   | Killed a four-headed hydra
 13585 | Lair:1   | Noticed Arkorax's ghost (journeyman TeAK)
 13672 | Lair:1   | Killed Arkorax's ghost
 13919 | Lair:1   | Noticed Joseph
 13945 | Lair:1   | Killed Joseph
 13945 | Lair:1   | Reached XP level 13. HP: 67/74 MP: 13/13
 14363 | Lair:2   | Received a gift from Okawaru
 16226 | Lair:4   | Noticed Maud
 16255 | Lair:4   | Killed Maud
 16772 | Lair:4   | Reached skill level 18 in Axes
 17349 | Lair:5   | Received a gift from Okawaru
 17352 | Lair:5   | Got a smoking cloak {god gift}
 17363 | Lair:5   | Identified the +0 cloak of the Eight Wars {MP+9 Str-4 Dex+5 SInv} (Okawaru gifted it to you on level 5 of the Lair of Beasts)
 17607 | Lair:5   | Found a staircase to the Shoals.
 17895 | Lair:5   | Identified a scroll of acquirement
 18102 | Lair:6   | Got a flickering silver ring
 18104 | Lair:6   | Identified the ring "Icora" {+Fly rElec MR+ Int-2} (You found it on level 6 of the Lair of Beasts)
 18189 | Lair:6   | Gained mutation: Your large and strong wings let you fly indefinitely. [Gargoyle growth]
 18189 | Lair:6   | Reached XP level 14. HP: 86/86 MP: 14/14
 18270 | Lair:6   | Noticed Rupert
 18271 | Lair:6   | Paralysed by Rupert for 3 turns
 18286 | Lair:6   | Killed Rupert
 18681 | Lair:6   | Found a hole to the Spider Nest.
 19341 | Lair:7   | Reached skill level 10 in Fighting
 19343 | Lair:7   | Received a gift from Okawaru
 19795 | Lair:8   | Entered Level 8 of the Lair of Beasts
 19799 | Lair:8   | Reached skill level 10 in Armour
 20357 | Lair:8   | Received a gift from Okawaru
 20516 | Lair:8   | Got a jasper-encrusted ring mail {god gift}
 20527 | Lair:8   | Identified the +0 ring mail of Hadjma {Str+2} (Okawaru gifted it to you on level 8 of the Lair of Beasts)
 20554 | Lair:8   | Reached skill level 19 in Axes
 20554 | Lair:8   | Reached XP level 15. HP: 94/94 MP: 15/15
 20774 | Lair:8   | Found a staircase to the Slime Pits.
 22791 | D:11     | Noticed Psyche
 22799 | D:11     | Killed Psyche
 22853 | D:11     | Noticed Urug
 22868 | D:11     | Killed Urug
 22868 | D:11     | Received a gift from Okawaru
 24529 | D:13     | Reached ****** piety under Okawaru
 24821 | D:14     | Found a gate to the Vaults.
 24861 | D:14     | Received a gift from Okawaru
 24875 | D:14     | Reached XP level 16. HP: 89/103 MP: 16/16
 25133 | D:14     | Gained mutation: Your body sometimes deteriorates upon taking damage. [mutagenic meat]
 25134 | D:14     | Gained mutation: You have large cloven feet. [mutagenic meat]
 25458 | D:14     | Reached skill level 20 in Axes
 25965 | D:14     | Received a gift from Okawaru
 25986 | D:14     | Gained mutation: You can spit weak poison. [mutagenic meat]
 25990 | D:14     | Gained mutation: You are covered in fur (AC +1). [mutagenic meat]
 25991 | D:14     | Lost mutation: You are covered in fur (AC +1). [mutagenic meat]
 25992 | D:14     | Gained mutation: Scrolls take you a little longer to read. [mutagenic meat]
 26318 | D:15     | Entered Level 15 of the Dungeon
 26956 | D:15     | Found a staircase to the Depths.
 27115 | D:15     | Received a gift from Okawaru
 27839 | Spider:1 | Entered Level 1 of the Spider Nest
 28310 | Spider:1 | Received a gift from Okawaru
 28314 | Spider:1 | Reached XP level 17. HP: 101/110 MP: 17/17
 29278 | Spider:3 | Reached skill level 21 in Axes
 29842 | Spider:3 | Noticed Jorgrun
 29865 | Spider:3 | Killed Jorgrun
 29994 | Spider:4 | Entered Level 4 of the Spider Nest
 30186 | Spider:4 | Received a gift from Okawaru
 30366 | Spider:4 | Received a gift from Okawaru
 30437 | Spider:4 | Noticed Aizul
 30457 | Spider:4 | Killed Aizul
 30470 | Spider:4 | Gained mutation: You have a pair of small antennae on your head. [mutagenic meat]
 30472 | Spider:4 | Lost mutation: You can spit weak poison. [mutagenic meat]
 30473 | Spider:4 | Lost mutation: You have a pair of small antennae on your head. [mutagenic meat]
 30665 | Spider:4 | Noticed Arachne
 30873 | Spider:4 | Killed Arachne
 30884 | Spider:4 | Gained mutation: You are weak. (Str -2) [mutagenic meat]
 30961 | Spider:4 | Reached skill level 15 in Armour
 30973 | Spider:4 | Noticed Norris
 31142 | Spider:4 | Paralysed by Norris for 2 turns
 31152 | Spider:4 | Killed Norris
 31152 | Spider:4 | Reached skill level 15 in Fighting
 31152 | Spider:4 | Reached XP level 18. HP: 117/119 MP: 18/18
 31318 | Spider:4 | Got a gossamer rune of Zot
 31328 | Spider:4 | Lost mutation: You expend magic power (3 MP) to strengthen your wands. [mutagenic meat]
 31329 | Spider:4 | Gained mutation: You are dopey. (Int -2) [mutagenic meat]
 31330 | Spider:4 | Lost mutation: You are weak. (Str -2) [mutagenic meat]
 31331 | Spider:4 | Gained mutation: You are frail (-10% HP). [mutagenic meat]
 31447 | Spider:4 | Gained mutation: Your movements are slightly less encumbered by armour (ER -2). [mutagenic meat]
 31448 | Spider:4 | Gained mutation: Your magical capacity is low (-10% MP). [mutagenic meat]
 31619 | Spider:4 | Received a gift from Okawaru
 31849 | Shoals:1 | Entered Level 1 of the Shoals
 31849 | Shoals:1 | Noticed Nikola
 31886 | Shoals:1 | Killed Nikola
 31910 | Shoals:1 | Reached skill level 1 in Dodging
 31980 | Shoals:1 | Found Iklegan's Magic Scroll Shop.
 32002 | Shoals:1 | Bought a scroll of blinking for 105 gold pieces
 32002 | Shoals:1 | Bought a scroll of enchant armour for 105 gold pieces
 32093 | Shoals:1 | Found Ficvyvezorgh's Food Shop.
 32548 | Shoals:1 | Found Tima's Antique Weapon Shop.
 34060 | Shoals:3 | Reached skill level 22 in Axes
 34403 | Shoals:3 | Learned a level 9 spell: Dragon's Call
 34465 | Shoals:3 | Received a gift from Okawaru
 34575 | Shoals:4 | Entered Level 4 of the Shoals
 34592 | Shoals:4 | Reached XP level 19. HP: 107/112 MP: 17/17
 34796 | Shoals:4 | Noticed Polyphemus
 34816 | Shoals:4 | Killed Polyphemus
 34867 | Shoals:4 | Got a crude golden ring
 35008 | Shoals:4 | Identified the ring "Enethyabe" {Ice MP+9 Dex-2 Slay+3 SInv} (You found it on level 4 of the Shoals)
 35136 | Shoals:4 | Received a gift from Okawaru
 35191 | Shoals:4 | Noticed Ilsuiw
 35299 | Shoals:4 | Killed Ilsuiw
 35748 | Shoals:4 | Got a barnacled rune of Zot
 35823 | Shoals:3 | Got a transparent battleaxe {god gift}
 35832 | Shoals:3 | Identified the +1 battleaxe "Quag" {freeze, *Noise rElec Str-2 Dex+6} (Okawaru gifted it to you on level 3 of the Shoals)
 36127 | Vaults:1 | Entered Level 1 of the Vaults
 36163 | Vaults:1 | Found Xyefoath's Armour Shoppe.
 36173 | Vaults:1 | Reached skill level 5 in Dodging
 36195 | Vaults:1 | Lost mutation: Scrolls take you a little longer to read. [mutagenic meat]
 36196 | Vaults:1 | Gained mutation: You can translocate small distances at will. [mutagenic meat]
 36197 | Vaults:1 | Lost mutation: You are frail (-10% HP). [mutagenic meat]
 36203 | Vaults:1 | Bought the +1 pair of gloves of Limited Liability {rElec Regen+ Dex+2 Stlth+} for 549 gold pieces
 36299 | Vaults:1 | Found Yjokesayk's Distillery.
 36330 | Vaults:1 | Gained mutation: Scrolls take you a little longer to read. [mutagenic meat]
 36340 | Vaults:1 | Found Xaublas's Jewellery Shop.
 36486 | Vaults:1 | Found Vonaom's Assorted Antiques.
 36494 | Vaults:1 | Bought a pair of steaming boots for 361 gold pieces
 36504 | Vaults:1 | Identified the +4 pair of boots "Xopusun" {rElec rC- Dex+2} (You bought it in a shop on level 1 of the Vaults)
 36677 | Vaults:1 | Reached XP level 20. HP: 133/133 MP: 18/18
 36891 | Vaults:1 | Received a gift from Okawaru
 37112 | Vaults:1 | Found Ruol's Gadget Shop.
 37175 | Vaults:1 | Lost mutation: Scrolls take you a little longer to read. [mutagenic meat]
 37176 | Vaults:1 | Lost mutation: You are dopey. (Int -2) [mutagenic meat]
 37178 | Vaults:1 | Lost mutation: Your magical capacity is low (-10% MP). [mutagenic meat]
 37179 | Vaults:1 | Gained mutation: You are frail (-10% HP). [mutagenic meat]
 37180 | Vaults:1 | Gained mutation: You are covered in fur (AC +1). [mutagenic meat]
 37183 | Vaults:1 | Gained mutation: Potions and wands are less effective at restoring your health. [mutagenic meat]
 37185 | Vaults:1 | Gained mutation: You are dopey. (Int -2) [mutagenic meat]
 37187 | Vaults:1 | Lost mutation: You are dopey. (Int -2) [mutagenic meat]
 37802 | Vaults:1 | Reached skill level 23 in Axes
 37892 | Vaults:1 | Lost mutation: You are frail (-10% HP). [mutagenic meat]
 37893 | Vaults:1 | Lost mutation: Your body sometimes deteriorates upon taking damage. [mutagenic meat]
 37894 | Vaults:1 | Lost mutation: You have large cloven feet. [mutagenic meat]
 37895 | Vaults:1 | Gained mutation: You are partially covered in iridescent scales (AC +4). [mutagenic meat]
 37896 | Vaults:1 | Gained mutation: You are resistant to hostile enchantments. [mutagenic meat]
 37897 | Vaults:1 | Lost mutation: You have a somewhat thin skeletal structure (Dex +2, Stealth). [mutagenic meat]
 37898 | Vaults:1 | Gained mutation: You tend to lose your temper in combat. [mutagenic meat]
 37899 | Vaults:1 | Gained mutation: You are agile. (Dex +2) [mutagenic meat]
 37922 | Vaults:1 | Gained mutation: You often lose your temper in combat. [mutagenic meat]
 37923 | Vaults:1 | Lost mutation: You are resistant to hostile enchantments. [mutagenic meat]
 37924 | Vaults:1 | Lost mutation: You are agile. (Dex +2) [mutagenic meat]
 37941 | Vaults:1 | Lost mutation: Potions and wands are less effective at restoring your health. [potion of mutation]
 37941 | Vaults:1 | Gained mutation: You are partially covered in rugged brown scales (AC +1, +3% HP). [potion of mutation]
 37998 | Vaults:1 | Bought an uncursed amulet of clarity for 220 gold pieces
 38267 | Vaults:2 | Paralysed by a sphinx for 4 turns
 38392 | Vaults:2 | Received a gift from Okawaru
 38398 | Vaults:2 | Got a pair of ancient gloves {god gift}
 38409 | Vaults:2 | Identified the +1 pair of gloves of the Stars {rF+ Regen+ Str-3} (Okawaru gifted it to you on level 2 of the Vaults)
 38488 | Vaults:2 | Found a staircase to the Crypt.
 38545 | Vaults:2 | Gained mutation: You passively map a small area around you. [mutagenic meat]
 38546 | Vaults:2 | Gained mutation: You have a somewhat thin skeletal structure (Dex +2, Stealth). [mutagenic meat]
 38547 | Vaults:2 | Lost mutation: Your movements are slightly less encumbered by armour (ER -2). [mutagenic meat]
 38548 | Vaults:2 | Gained mutation: Your muscles are strong. (Str +2) [mutagenic meat]
 38859 | Vaults:1 | Got a translucent plate armour {god gift}
 38870 | Vaults:1 | Identified the +1 plate armour of Surprise {rElec rPois Dex+3} (Okawaru gifted it to you on level 1 of the Vaults)
 39582 | Vaults:3 | Reached XP level 21. HP: 144/144 MP: 21/21
 39684 | Vaults:3 | Gained mutation: Your flesh is heat resistant. [mutagenic meat]
 39685 | Vaults:3 | Gained mutation: You have a pair of small antennae on your head. [mutagenic meat]
 39891 | Vaults:3 | Reached skill level 24 in Axes
 39904 | Vaults:3 | Received a gift from Okawaru
 39951 | Vaults:3 | Gained mutation: Your flesh is cold resistant. [mutagenic meat]
 40893 | Vaults:4 | Paralysed by a great orb of eyes for 3 turns
 41107 | Vaults:4 | Received a gift from Okawaru
 41273 | Vaults:4 | Gained mutation: Your magical capacity is low (-10% MP). [a neqoxec]
 41494 | Vaults:4 | Noticed Boris
 41517 | Vaults:4 | Killed Boris
 41517 | Vaults:4 | Reached skill level 25 in Axes
 41646 | Vaults:4 | Reached XP level 22. HP: 149/149 MP: 19/19
 41973 | Vaults:5 | Entered Level 5 of the Vaults
 41982 | Vaults:4 | Received a gift from Okawaru
 42166 | Vaults:5 | Noticed an ancient lich
 42221 | Vaults:4 | Killed an ancient lich
 42253 | Vaults:4 | Reached skill level 26 in Axes
 42274 | Vaults:5 | Received a gift from Okawaru
 42535 | Vaults:5 | Found Efynac Guwu's Food Emporium.
 42616 | Vaults:5 | Found Waunn's Gadget Shoppe.
 42648 | Vaults:5 | Got a silver rune of Zot
 42757 | Vaults:5 | Learned a level 2 spell: Stoneskin
 42770 | Vaults:5 | Received a gift from Okawaru
 42773 | Vaults:5 | Got a heavily runed quicksilver dragon armour {god gift}
 42794 | Vaults:5 | Identified the quicksilver dragon armour of Vexation {MR+ rCorr} (Okawaru gifted it to you on level 5 of the Vaults)
 42936 | Vaults:5 | Found Bung's Magic Scroll Emporium.
 42977 | Vaults:5 | Found Wiluykuc's Jewellery Shoppe.
 42978 | Vaults:5 | Noticed an ancient lich
 43132 | Vaults:5 | Killed an ancient lich
 43132 | Vaults:5 | Reached XP level 23. HP: 133/154 MP: 20/20
 43457 | Vaults:5 | Reached skill level 10 in Dodging
 43480 | Vaults:5 | Found Sielip's Magic Scroll Shoppe.
 43574 | Vaults:5 | Bought the amulet of Roygiq {Clar rC+ MP+9 Int+8 Stlth-} for 691 gold pieces
 43584 | Vaults:5 | Found Mumir's Antique Weapon Shop.
 43589 | Vaults:5 | Got a twisted steam dragon armour
 43600 | Vaults:5 | Identified the +0 steam dragon armour of Filth {Int+5} (You found it on level 5 of the Vaults)
 43707 | Vaults:5 | Found Vefauf's Magic Scroll Shoppe.
 43712 | Vaults:5 | Bought a scroll of enchant armour for 127 gold pieces
 43717 | Vaults:5 | Found Jugeqita's Antique Armour Shop.
 43722 | Vaults:5 | Bought a warped chain mail for 418 gold pieces
 43732 | Vaults:5 | Identified the cursed +1 chain mail of Baejot {Str+2 Dex-2 Slay+3} (You bought it in a shop on level 5 of the Vaults)
 43954 | Vaults:5 | Received a gift from Okawaru
 43964 | Vaults:5 | Bought 2 scrolls of teleportation for 102 gold pieces
 43964 | Vaults:5 | Bought a scroll of blinking for 127 gold pieces
 43964 | Vaults:5 | Bought a scroll of teleportation for 51 gold pieces
 43964 | Vaults:5 | Bought a scroll of brand weapon for 340 gold pieces
 43964 | Vaults:5 | Bought a scroll of recharging for 161 gold pieces
 44022 | Vaults:5 | Bought a scroll of enchant weapon for 157 gold pieces
 44022 | Vaults:5 | Bought a scroll of teleportation for 63 gold pieces
 44022 | Vaults:5 | Bought a scroll of teleportation for 63 gold pieces
 44022 | Vaults:5 | Bought a scroll of enchant armour for 157 gold pieces
 44022 | Vaults:5 | Bought a scroll of teleportation for 63 gold pieces
 44022 | Vaults:5 | Bought a scroll of blinking for 157 gold pieces
 44158 | Vaults:1 | Bought a potion of curing for 42 gold pieces
 44158 | Vaults:1 | Bought a potion of agility for 56 gold pieces
 44158 | Vaults:1 | Bought a potion of curing for 42 gold pieces
 44158 | Vaults:1 | Bought a potion of haste for 140 gold pieces
 44158 | Vaults:1 | Bought a potion of curing for 42 gold pieces
 44158 | Vaults:1 | Bought a potion of curing for 42 gold pieces
 44158 | Vaults:1 | Bought a potion of curing for 42 gold pieces
 44198 | Vaults:1 | Bought a potion of curing for 114 gold pieces
 44198 | Vaults:1 | Bought a silver wand for 152 gold pieces
 44198 | Vaults:1 | Bought a scroll of identify for 76 gold pieces
 44536 | Slime:1  | Entered Level 1 of the Pits of Slime
 44797 | Slime:6  | Entered Level 6 of the Pits of Slime
 44834 | Slime:6  | Received a gift from Okawaru
 44835 | Slime:6  | Noticed the Royal Jelly
 45046 | Slime:6  | Killed the Royal Jelly
 45275 | Slime:6  | Got a slimy rune of Zot
 45303 | Slime:6  | Identified the Handbook of Spatial Attacks (You found it on level 6 of the Pits of Slime)
 45389 | Slime:6  | Identified the Tome of Mezcal (You found it on level 6 of the Pits of Slime)
 45438 | Slime:6  | Identified the Catalogue of Transmigration (You found it on level 6 of the Pits of Slime)
 45453 | Slime:6  | Got an ancient jade ring
 45454 | Slime:6  | Identified the ring of the Lost Stars {rPois rC+ rN+ Str+3} (You found it on level 6 of the Pits of Slime)
 45542 | Lair:8   | Learned a level 6 spell: Deflect Missiles
 45855 | Depths:1 | Entered Level 1 of the Depths
 45906 | Depths:1 | Reached XP level 24. HP: 161/161 MP: 20/20
 45980 | Depths:1 | Identified the Handbook of Stolen Souls and Aid
 46014 | Depths:1 | Found a one-way gate to the infinite horrors of the Abyss.
 46409 | Depths:1 | Found a gateway to Hell.
 46894 | Depths:2 | Found a one-way gate leading to the halls of Pandemonium.
 46980 | Depths:2 | You are sucked into a shaft!
 46986 | Depths:3 | Noticed a juggernaut
 46997 | Depths:3 | Killed a juggernaut
 47007 | Depths:3 | Received a gift from Okawaru
 47768 | Depths:2 | Reached XP level 25. HP: 161/173 MP: 20/20
 48040 | D:7      | Received a gift from Okawaru
 48156 | Temple   | Fell from the grace of Okawaru
 48156 | Temple   | Became a worshipper of the Shining One
 48468 | Crypt:1  | Entered Level 1 of the Crypt
 48628 | Crypt:1  | Reached * piety under the Shining One
 48661 | Crypt:1  | Reached ** piety under the Shining One
 49024 | Crypt:1  | Reached *** piety under the Shining One
 49266 | Crypt:2  | Reached **** piety under the Shining One
 49360 | Crypt:2  | Reached ***** piety under the Shining One
 49933 | Crypt:3  | Entered Level 3 of the Crypt
 49938 | Crypt:3  | Reached ****** piety under the Shining One
 49982 | Crypt:3  | Reached skill level 1 in Spellcasting
 50246 | Crypt:3  | Found an ancient bone altar of Kikubaaqudgha.
 50248 | Crypt:3  | Noticed an ancient lich
 50259 | Crypt:3  | Killed an ancient lich
 50596 | Crypt:3  | Got a shimmering silver ring
 50598 | Crypt:3  | Identified the ring "Hisaen" {+Inv rF- rC+++ rN+ Stlth+} (You took it off a vampire knight on level 3 of the Crypt)
 50620 | Crypt:3  | Got a fine marble ring
 50622 | Crypt:3  | Identified the ring of Dutac {rElec rN+} (You found it on level 3 of the Crypt)
 50690 | Crypt:3  | Reached skill level 15 in Dodging
 50980 | Crypt:3  | Found a staircase to the Tomb.
 51416 | Elf:1    | Entered Level 1 of the Elven Halls
 51491 | Elf:1    | Found Qoseam's Antique Weapon Emporium.
 51524 | Elf:1    | Found Ehogg's Weapon Shoppe.
 51623 | Elf:1    | Noticed Frances
 51628 | Elf:1    | Killed Frances
 51662 | Elf:1    | Found Tiboh's Food Emporium.
 51678 | Elf:1    | Reached XP level 26. HP: 182/182 MP: 24/24
 52273 | Elf:2    | Found Igesk's Jewellery Shop.
 52287 | Elf:2    | Found a magical portal.
 52297 | WizLab   | Entered Doroklohe's Tomb
 52434 | WizLab   | Noticed an ancient lich
 52440 | WizLab   | Killed an ancient lich
 52729 | Elf:2    | Bought a cursed ring of protection from magic for 308 gold pieces
 52804 | Elf:2    | Found a runed gate.
 52804 | Elf:2    | Found a runed gate.
 52804 | Elf:2    | Found a runed gate.
 53514 | Elf:3    | Entered Level 3 of the Elven Halls
 53584 | Elf:3    | Learned a level 8 spell: Controlled Blink
 53808 | Elf:3    | Found Kicoqoed's Antique Weapon Emporium.
 53971 | Elf:3    | Was forgiven by Okawaru
 54428 | Elf:3    | Got a transparent glass ring
 54430 | Elf:3    | Identified the ring of Doubts {rElec rN++ Int+3} (You took it off a deep elf conjurer on level 3 of the Elven Halls)
 54435 | Elf:3    | Got a scorched battleaxe {chop}
 54436 | Elf:3    | Identified the +8 battleaxe of Fuych {chop, *Confuse rPois rC++ Int+4 Dex+4} (You took it off a deep elf conjurer on level 3 of the Elven Halls)
 54466 | Elf:3    | Reached skill level 5 in Spellcasting
 54620 | Elf:3    | Got a slimy bone ring
 54622 | Elf:3    | Identified the ring "Naiffu Diyh" {rElec rF+ MP+9 SInv} (You found it on level 3 of the Elven Halls)
 55097 | D:11     | Identified a +9 executioner's axe of holy wrath {Rupert :P} (a +9 executioner's axe of flaming {Rupert :P} blessed by the Shining One)
 55097 | D:11     | Received a gift from the Shining One
 55284 | Temple   | Fell from the grace of the Shining One
 55284 | Temple   | Became a worshipper of Makhleb the Destroyer
 55581 | Vaults:1 | Bought the ring "Keek" {Wiz rN+} for 453 gold pieces
 55911 | Depths:2 | Found a runed door.
 55992 | Depths:2 | Reached * piety under Makhleb
 56088 | Depths:2 | Reached skill level 1 in Charms
 56345 | Depths:2 | Reached skill level 1 in Necromancy
 56811 | Depths:2 | Reached XP level 27. HP: 190/190 MP: 28/28
 57147 | Depths:3 | Noticed Asterion
 57147 | Depths:3 | Reached ** piety under Makhleb
 57159 | Depths:3 | Killed Asterion
 57785 | Depths:4 | Noticed Mara
 57790 | Depths:4 | Noticed AnCiEnTIStOnEIBeAsT's illusion
 57802 | Depths:4 | Killed Mara
 57802 | Depths:4 | Reached skill level 5 in Charms
 57891 | Depths:4 | Reached *** piety under Makhleb
 57936 | Depths:4 | Found a gateway to a ziggurat.
 58040 | Depths:4 | Noticed Xtahua
 58043 | Depths:4 | Reached skill level 5 in Necromancy
 58129 | Depths:4 | Killed Xtahua
 58272 | Depths:4 | Noticed an ancient lich
 58273 | Depths:4 | Noticed a juggernaut
 58282 | Depths:4 | Killed a juggernaut
 58295 | Depths:4 | Killed an ancient lich
 58301 | Depths:4 | Reached **** piety under Makhleb
 58597 | Depths:4 | Reached skill level 1 in Air Magic
 58945 | Depths:5 | Entered Level 5 of the Depths
 59028 | Depths:5 | Reached ***** piety under Makhleb
 59123 | Depths:5 | Noticed Saint Roka
 59144 | Depths:5 | Killed Saint Roka
 59680 | Depths:5 | Found a gate to the Realm of Zot.
 59749 | Zot:1    | Entered Level 1 of the Realm of Zot
 60423 | Zot:1    | Reached ****** piety under Makhleb
 60926 | Zot:2    | Reached skill level 10 in Charms
 60930 | Zot:2    | Reached skill level 5 in Air Magic
 61810 | Zot:3    | Reached skill level 27 in Axes
 62278 | Zot:3    | Was forgiven by the Shining One
 63507 | Zot:5    | Entered Level 5 of the Realm of Zot
 63517 | Zot:5    | Noticed a curse toe
 63540 | Zot:5    | Killed a curse toe
 63578 | Zot:4    | Got a pair of fine gloves
 63589 | Zot:4    | Identified the -5 pair of gloves of Negation {rElec rCorr Str-4} (You acquired it on level 4 of the Realm of Zot)
 63870 | Zig:1    | Entered Level 1 of a ziggurat
 63889 | Zig:2    | Entered Level 2 of a ziggurat
 63922 | Zig:2    | Identified the Collected Works on Companions
 63932 | Zig:3    | Entered Level 3 of a ziggurat
 63953 | Zig:4    | Entered Level 4 of a ziggurat
 64051 | Zig:5    | Entered Level 5 of a ziggurat
 64156 | Zig:6    | Entered Level 6 of a ziggurat
 64214 | Zig:7    | Entered Level 7 of a ziggurat
 64218 | Zig:7    | Noticed an ancient lich
 64241 | Zig:7    | Killed an ancient lich
 64271 | Zig:8    | Entered Level 8 of a ziggurat
 64383 | Zig:8    | Got a fine jade ring
 64396 | Zig:9    | Entered Level 9 of a ziggurat
 64407 | Zig:9    | Paralysed by you for 2 turns
 64415 | Zig:9    | Paralysed by accursed screaming for 2 turns
 64453 | Zig:9    | Identified Sif Muna's Guide on Snow (You found it on level 9 of a ziggurat)
 64464 | Zig:9    | Identified The Arcane Secrets of Sorcery
 64476 | Zig:10   | Entered Level 10 of a ziggurat
 64543 | Zig:10   | Identified The Arcane Secrets of Wizardry
 64596 | Zig:11   | Entered Level 11 of a ziggurat
 64669 | Zig:11   | Identified Budau's Guide on the Oath and Transformation
 64695 | Zig:12   | Entered Level 12 of a ziggurat
 64783 | Zig:13   | Entered Level 13 of a ziggurat
 64869 | Zig:14   | Entered Level 14 of a ziggurat
 64966 | Zig:15   | Entered Level 15 of a ziggurat
 65039 | Zig:15   | Got a heavily runed amber ring
 65041 | Zig:15   | Identified the ring of Wire {rC+ MP+9 Stlth+} (You found it on level 15 of a ziggurat)
 65045 | Zig:15   | Got a faintly glowing copper ring
 65046 | Zig:15   | Identified the ring "Soeren" {+Fly rPois rF++} (You found it on level 15 of a ziggurat)
 65061 | Zig:15   | Got a brightly glowing platinum ring
 65062 | Zig:15   | Identified the ring of Azetits {rC+ rN+++ Slay+5 Stlth-} (You found it on level 15 of a ziggurat)
 65070 | Zig:15   | Identified the ring of Law {AC+5 Str+3 Int+2} (You found it on level 8 of a ziggurat)
 65134 | Zig:16   | Entered Level 16 of a ziggurat
 65146 | Zig:16   | Noticed Usiul the pandemonium lord
 65159 | Zig:16   | Killed Usiul the pandemonium lord
 65175 | Zig:16   | Reached skill level 27 in Armour
 65212 | Zig:16   | Got a pitted marble ring
 65214 | Zig:16   | Identified a ring of Ofavoe {-Tele EV+4 Int+6} (You found it on level 16 of a ziggurat)
 65220 | Zig:16   | Identified the Guide on Boosts
 65242 | Zig:17   | Entered Level 17 of a ziggurat
 65243 | Zig:17   | Noticed Herrn's ghost (legendary FoFi)
 65274 | Zig:17   | Killed Herrn's ghost
 65391 | Zig:17   | Identified the Tome of Protection and Earth
 65509 | Zig:18   | Entered Level 18 of a ziggurat
 65527 | Zig:18   | Noticed an orb of fire
 65527 | Zig:18   | Noticed an orb of fire
 65528 | Zig:18   | Noticed an orb of fire
 65531 | Zig:18   | Noticed an orb of fire
 65536 | Zig:18   | Gained mutation: You are frail (-10% HP). [an orb of fire]
 65541 | Zig:18   | Gained mutation: You are dopey. (Int -2) [an orb of fire]
 65542 | Zig:18   | Lost mutation: You often lose your temper in combat. [an orb of fire]
 65543 | Zig:18   | Killed an orb of fire
 65544 | Zig:18   | Lost mutation: Your muscles are strong. (Str +2) [an orb of fire]
 65545 | Zig:18   | Gained mutation: You are clumsy. (Dex -2) [an orb of fire]
 65546 | Zig:18   | Gained mutation: You are very dopey. (Int -4) [an orb of fire]
 65548 | Zig:18   | Gained mutation: You occasionally shout uncontrollably at your foes. [an orb of fire]
 65548 | Zig:18   | Gained mutation: Armour fits poorly on your strangely shaped body. [an orb of fire]
 65549 | Zig:18   | Killed an orb of fire
 65555 | Zig:18   | Killed an orb of fire
 65564 | Zig:18   | Killed an orb of fire
 65593 | Zig:18   | Identified the Tome of Curses
 65599 | Zig:18   | Got a heavily runed glass ring
 65601 | Zig:18   | Identified the ring of Besos {rElec rF+ MP+9} (You found it on level 18 of a ziggurat)
 65622 | Zig:18   | Got a pearl-studded plate armour
 65633 | Zig:18   | Identified the +2 plate armour "Koamaig" {rF+ rC- Regen+} (You found it on level 18 of a ziggurat)
 65674 | Zig:19   | Entered Level 19 of a ziggurat
 65773 | Zig:19   | Got a flickering iron ring
 65774 | Zig:19   | Identified the ring "Quurghasm" {+Inv MP+9 Int+6} (You found it on level 19 of a ziggurat)
 65800 | Zig:20   | Entered Level 20 of a ziggurat
 65925 | Zig:20   | Got a sparkling platinum ring
 65927 | Zig:20   | Identified a cursed ring of Vanwupuu {rElec EV-2 Str-2 Int+6} (You found it on level 20 of a ziggurat)
 65936 | Zig:20   | Identified Huvanag's Incunabulum of Destructive Bewitchment
 65940 | Zig:20   | Identified the Disquisition on the Dark Voyage (You found it on level 20 of a ziggurat)
 65958 | Zig:20   | Learned a level 8 spell: Death's Door
 65959 | Zig:20   | Got a pitted jade ring
 65961 | Zig:20   | Identified the ring of Lotamaeh {rC++ Dex+3 Stlth+} (You found it on level 20 of a ziggurat)
 65978 | Zig:21   | Entered Level 21 of a ziggurat
 66028 | Zig:21   | Reached skill level 10 in Necromancy
 66166 | Zig:21   | Got a slimy platinum ring
 66168 | Zig:21   | Identified the ring "Xair" {*Contam +Fly rF+++ Int+3 Dex+3} (You found it on level 21 of a ziggurat)
 66175 | Zig:21   | Identified Ybaubis's Catalogue of Snow
 66368 | Zig:22   | Entered Level 22 of a ziggurat
 66415 | Zig:22   | Reached skill level 27 in Fighting
 66447 | Zig:22   | Identified the Reference Book on the Harmful Frostbite
 66459 | Zig:22   | Identified the Guide on Arcane Weapons and Flight
 66463 | Zig:22   | Got a smoking platinum amulet
 66464 | Zig:22   | Identified the amulet of Liyxkor {Stasis Int+5} (You found it on level 22 of a ziggurat)
 66485 | Zig:23   | Entered Level 23 of a ziggurat
 66495 | Zig:23   | Noticed Giunnyng the pandemonium lord
 66496 | Zig:23   | Noticed Iquiph the pandemonium lord
 66498 | Zig:23   | Noticed Maun the pandemonium lord
 66499 | Zig:23   | Noticed Litoec the pandemonium lord
 66501 | Zig:23   | Noticed Viceril the pandemonium lord
 66502 | Zig:23   | Noticed Pilebru the pandemonium lord
 66502 | Zig:23   | Noticed Nich the pandemonium lord
 66502 | Zig:23   | Noticed Waj Zirezxi the pandemonium lord
 66502 | Zig:23   | Noticed Syodghiwn the pandemonium lord
 66502 | Zig:23   | Noticed Uleoj the pandemonium lord
 66502 | Zig:23   | Noticed Nium the pandemonium lord
 66503 | Zig:23   | Noticed Odghuma the pandemonium lord
 66504 | Zig:23   | Noticed Dytrepse the pandemonium lord
 66507 | Zig:23   | Killed Pilebru the pandemonium lord
 66508 | Zig:23   | Killed Litoec the pandemonium lord
 66509 | Zig:23   | Killed Giunnyng the pandemonium lord
 66509 | Zig:23   | Killed Waj Zirezxi the pandemonium lord
 66511 | Zig:23   | Killed Uleoj the pandemonium lord
 66512 | Zig:23   | Killed Maun the pandemonium lord
 66513 | Zig:23   | Killed Syodghiwn the pandemonium lord
 66514 | Zig:23   | Killed Odghuma the pandemonium lord
 66515 | Zig:23   | Killed Iquiph the pandemonium lord
 66515 | Zig:23   | Killed Viceril the pandemonium lord
 66515 | Zig:23   | Reached skill level 15 in Charms
 66515 | Zig:23   | Killed Nich the pandemonium lord
 66518 | Zig:23   | Killed Nium the pandemonium lord
 66520 | Zig:23   | Killed Dytrepse the pandemonium lord
 66549 | Zig:23   | Got a clouded sapphire amulet
 66550 | Zig:23   | Identified the amulet of Deoschob {Gourm Fragile rN+++ Dex-5 SInv} (You found it on level 23 of a ziggurat)
 66557 | Zig:23   | Identified Sif Muna's Grimoire of the Mountains
 66585 | Zig:23   | Identified the Papyrus of Frigorific Orientation
 66648 | Zig:24   | Entered Level 24 of a ziggurat
 66686 | Zig:24   | Killed from afar by a pearl dragon

Vault maps used:
D:1:      saegor_arrival_simple_c, serial_bayou_pond_a,
          nicolae_ashenzari_panopticon
D:2:      zin_academy, fedhas_altar_1
D:3:      first_bread, hangedman_decor_clover_reticule
D:4:      lemuel_upstairs_altar, minmay_temple_entry_glassed_door, serial_shops,
          nicolae_shop_behind_doors, minmay_door_square, grunt_pakellas_mercury,
          uniq_blork_the_orc, uniq_natasha
D:5:      grunt_decor_cap, dk_xom_monty_hall
D:7:      uniq_pikel
D:8:      serial_shops, shop, the_bakery, kennysheep_minor_cross
D:9:      old_forge, lemuel_round_altar, kennysheep_orc_monster_closet_entryway,
          basic_altar, minmay_nine_imps
D:10:     grunt_lair_entry_elf_guard_hut, kennysheep_generic_room_13
D:11:     uniq_urug, uniq_psyche
D:12:     minivault_23
D:13:     gargoyle_guard
D:14:     lemuel_castle_with_subvaults, erik_vaults_2, minmay_misc_feat_rows
D:15:     hangedman_depths_entry_civil_slaughter
Temple:   kilobyte_greek_temple_18
Lair:1:   uniq_joseph
Lair:2:   lemuel_ratsnest
Lair:3:   serial_bayou_shore_a
Lair:4:   uniq_maud
Lair:5:   elwin_shoals_entry_stream, special_room, dpeg_stationary_puzzle
Lair:6:   nicolae_spider_entry_non_spiders, roderic_batcave, uniq_rupert
Lair:7:   serial_bayou_shore_b
Lair:8:   evilmike_catoblepas_cave, nicolae_slime_entry_slimehenge,
          nicolae_quartered_pool_little
Shoals:1: nicolae_shoals_island_circles, serial_shops,
          nicolae_shop_competitors_out_of_business, nicolae_shop_waterfront,
          shop, nicolae_shoals_dead_sea_scrolls, uniq_nikola
Shoals:4: shoals_end_grunt_garden, shoals_ilsuiw_ice, uniq_polyphemus
Spider:3: guppyfry_spider_mini_3, nicolae_spider_cling_ruins, uniq_jorgrun
Spider:4: johnstein_spider_rune_arachne_lair, uniq_norris, uniq_aizul,
          uniq_arachne
Slime:2:  cheibrodos_slime_lost_civilization_6
Slime:4:  basic_altar
Orc:1:    serial_shops, nicolae_shop_temple_entry_statues_fountains, uniq_erica
Orc:2:    uniq_snorg
Orc:3:    nicolae_orc_pool_cavern
Orc:4:    st_orc_town, serial_shops, shop, lab_entry_generic, trog_book,
          uniq_sonja
Elf:1:    serial_shops, nicolae_shop_crystal, shop, shop,
          kennysheep_underground_church, uniq_frances
Elf:2:    infiniplex_enter_wizlab_water, serial_shops, shop
Elf:3:    minmay_elf_hall, serial_shops, shop_fountains
Vaults:1: nicolae_vaults_big_ls, hangedman_vaults_stitches,
          vaults_room_grunt_arrival_checkpoint, v_rooms_3,
          vaults_room_fancy_cross, st_lines, vaults_room_fours,
          nicolae_vaults_little_squares_6, nicolae_vaults_little_squares_4,
          ontoclasm_vaults_chip, grunt_vaults_hallway_long, serial_shops,
          shop_statue, nicolae_shop_overgrown_old_shop, shop,
          nicolae_shop_stone, nicolae_shop_stone
Vaults:2: nicolae_vaults_twisting_passages, v_rooms_2,
          minmay_crypt_entry_simple_sparse, vaults_dpeg_diagonal,
          ontoclasm_vaults_misaligned, ontoclasm_vaults_gateway
Vaults:3: nicolae_vaults_border_crossing, nicolae_vaults_ring_of_whatevers,
          v_rooms_5, hangedman_vaults_maws, stair_cage_open,
          vaults_room_stairs_pillars, vaults_room_semicircle,
          nicolae_vaults_know_your_exits, nicolae_vaults_little_squares_5,
          v_misc_14, v_misc_24, serial_ice_m, vaults_dpeg_cross
Vaults:4: ontoclasm_vaults_ligature, vaults_room_large_hall,
          nicolae_vaults_hallways_thing, ontoclasm_vaults_ring_square,
          vaults_mumra_hex, hangedman_vaults_pinch, hangedman_vaults_slice,
          v_misc_5, v_pattern_1, grunt_vaults_funnel, uniq_boris
Crypt:1:  eino_tiny_chamber, grunt_megastairs_2, grunt_crypt_arrival_webbed
Crypt:2:  grunt_ministairs_10, st_stairs_12, basic_stair_grate_trap
Crypt:3:  cryptofortress_bobbens
Depths:1: abyss_entry, minmay_misc_feat_doors, grunt_hell_entry_dis_grunt,
          special_room, minmay_crystal_water, minmay_misc_feat_ornament,
          water_maze_lemuel, serial_bayou_shore_b
Depths:2: grunt_deathspiral_small, hell_entry, grunt_pan_entry_in_and_out,
          lightli_gold_pyramid
Depths:3: minmay_dotted_concentric_squares, hangedman_coc_ice_floe,
          rand_demon_pan_entry_7, minmay_misc_feat_nine_boxes,
          infiniplex_staircase_door_maze, uniq_asterion
Depths:4: angbandy_vault, enter_ziggurat_f, rand_demon_pan_entry_8, hell_entry,
          serial_glass, glass_columns_a, glass_columns_a, glass_columns_b,
          glass_columns_b, glass_columns_a, glass_columns_c, glass_columns_a,
          glass_columns_b, serial_bayou_pond_d, abyss_entry_crystal, uniq_mara,
          uniq_xtahua
Depths:5: grunt_crosshair, grunt_decor_clamped, abyss_entry, grunt_metal_band,
          spider_trap, serial_bayou_shore_b, kennysheep_random_hallway,
          uniq_saint_roka
Zot:1:    evilmike_crystal_ball_defense
Zot:2:    grunt_ministairs_7, stair_cage_cross
Zot:3:    minmay_elemental_castle, bh_zot_levy_curve
Zig:5:    ziggurat_pillar_centre_dead_trees
Zig:6:    ziggurat_loot_2
Zig:8:    ziggurat_loot_1
Zig:9:    ziggurat_pillar_centre_c
Zig:12:   ziggurat_pillar_centre_oklobs
Zig:17:   ziggurat_loot_2
Zig:20:   ziggurat_pillar_centre_drop
Lab:      nicolae_lab_dead_adventurers, nicolae_lab_plus
WizLab:   wizlab_doroklohe

Action                   |  1- 3 |  4- 6 |  7- 9 | 10-12 | 13-15 | 16-18 | 19-21 | 22-24 | 25-27 || total
-------------------------+-------+-------+-------+-------+-------+-------+-------+-------+-------++-------
Melee: War axe           |   114 |   151 |   440 |   193 |  1336 |   231 |       |       |       ||  2465
       Broad axe         |       |       |       |   824 |    63 |  1775 |  1930 |   481 |       ||  5073
       Flail             |       |       |       |    11 |     8 |       |       |       |       ||    19
       Demon trident     |       |       |       |       |    36 |    13 |       |       |       ||    49
       Executioner's axe |       |       |       |       |       |       |       |   607 |  3561 ||  4168
 Fire: Blowgun           |       |       |       |    15 |       |       |       |       |       ||    15
Throw: Throwing net      |       |       |       |     2 |     1 |       |       |       |       ||     3
 Cast: Regeneration      |       |       |       |       |       |       |       |       |    54 ||    54
       Song of Slaying   |       |       |       |       |       |       |       |       |    16 ||    16
       Stoneskin         |       |       |       |       |       |       |       |       |     2 ||     2
Invok: Heroism           |       |       |     2 |    22 |     8 |     9 |     5 |    11 |       ||    57
       Finesse           |       |       |       |       |       |       |     1 |     1 |       ||     2
       Brand Weapon With |       |       |       |       |       |       |       |       |     1 ||     1
 Abil: Fly               |       |       |       |       |     1 |       |     2 |     2 |     3 ||     8
       Stop Flying       |       |       |       |       |       |       |     2 |     2 |     2 ||     6
Evoke: Wand              |       |       |     3 |     3 |       |       |       |     2 |     8 ||    16
  Use: Potion            |       |       |     3 |     7 |     1 |     1 |     1 |     7 |    15 ||    35
       Scroll            |       |       |     4 |    11 |     7 |    11 |     6 |    11 |    39 ||    89
 Stab: Confused          |       |       |       |     1 |       |       |       |       |     3 ||     4
       Petrified         |       |       |       |       |     1 |       |     1 |       |       ||     2
       Held in net/web   |       |       |       |       |     1 |     2 |       |       |       ||     3
       Petrifying        |       |       |       |       |     1 |       |       |       |       ||     1
       Distracted        |       |       |       |       |       |       |       |     1 |     4 ||     5
       Sleeping          |       |       |       |       |       |       |       |     1 |     6 ||     7
       Paralysed         |       |       |       |       |       |       |       |       |     2 ||     2
  Eat: Chunk             |     1 |     5 |    16 |    23 |    21 |    51 |    63 |    13 |    40 ||   233
       Pizza             |       |       |       |     1 |     3 |     3 |       |       |     4 ||    11
       Beef jerky        |       |       |       |     1 |     4 |     2 |     1 |     2 |     4 ||    14
       Bread ration      |       |       |       |     1 |       |       |       |       |     2 ||     3
       Fruit             |       |       |       |       |     7 |     6 |     6 |     2 |    12 ||    33
       Royal jelly       |       |       |       |       |       |     2 |       |     2 |     8 ||    12
       Meat ration       |       |       |       |       |       |       |       |       |     1 ||     1
